 Dungeon Crawl Stone Soup version 0.31-a0-263-ge8cad7f256 (webtiles) character file.

Game seed: 12754755129527249733

15 Demosthentine the Ducker (level 2, 0/22 HPs)
             Began as a Demonspawn Gladiator on July 13, 2023.
             Slain by a rat (1 damage)
             ... on level 2 of the Dungeon.
             The game lasted 00:00:32 (780 turns).

Demosthentine the Ducker (Demonspawn Gladiator)      Turns: 780, Time: 00:00:33

Health: 0/22       AC: 11    Str: 14    XL:     2   Next: 34%
Magic:  2/2        EV: 12    Int:  9    God:
Gold:   86         SH:  0    Dex: 14    Spells: 1/1 levels left

rFire   . . .        a - +0 trident
rCold   . . .        (no shield)
rNeg    . . .        b - +0 leather armour
rPois   .            c - +0 helmet
rElec   .            (no cloak)
rCorr   .            (no gloves)
SInv    .            i - +0 pair of boots
Will    .....        (no amulet)
Stlth   +            (no ring)
HPRegen 0.23/turn    (no ring)
MPRegen 0.08/turn

%: no passive effects
@: sanguine armoured, hasted, very quick
A: sanguine armour 1
a: no special abilities


You were on level 2 of the Dungeon.
You visited 1 branch of the dungeon, and saw 2 of its levels.

You collected 86 gold pieces.

Inventory:

Hand Weapons
 a - a +0 trident (weapon)
Missiles
 d - 3 throwing nets (quivered)
 e - a javelin
Armour
 b - a +0 leather armour (worn)
 c - a +0 helmet (worn)
 i - a +0 pair of boots (worn)
Scrolls
 f - a scroll of revelation
Potions
 h - a potion of attraction {unknown}


   Skills:
 + Level 2.3 Fighting
 + Level 2.9 Polearms
 - Level 1.7 Throwing
 + Level 0.7 Armour
 + Level 2.9 Dodging


You had one spell level left.
You didn't know any spells.
Your spell library contained the following spells:

 Spells                   Type           Power      Damage    Failure   Level
 Lesser Beckoning         Tloc           0%         N/A       61%         2
 Gell's Gravitas          Tloc           0%         N/A       83%         3
 Teleport Other           Tloc           0%         N/A       83%         3


Dungeon Overview and Level Annotations

Branches:
Dungeon (2/15)

Altars:


Innate Abilities, Weirdness & Mutations

When seriously injured, your blood forms armour. (AC +6)


Message History

Unknown command.
You hit the adder.
The adder is severely wounded.
You feel sick. The adder bites you but does no damage.
The rat closely misses you. The rat barely misses you.
The adder barely misses you.
Unknown command.
You are too injured to fight recklessly!
Unknown command.
You closely miss the adder.
The adder is severely wounded.
You feel sick. The rat barely misses you. The rat bites you but does no damage.
The adder bites you but does no damage.
Unknown command.
You miss the adder.
The adder is severely wounded.
You feel sick.
You are no longer poisoned.
The adder bites you.
You are poisoned.
The adder poisons you! The rat bites you.
* * * LOW HITPOINT WARNING * * *
The rat bites you but does no damage. The adder closely misses you.
The rat misses you. The rat barely misses you.
You closely miss the adder.
The adder is severely wounded.
* * * LOW HITPOINT WARNING * * *
You feel sick. The adder barely misses you.
The rat bites you but does no damage. The rat misses you.
Unknown command.
You closely miss the adder.
The adder is severely wounded.
You feel sick. The adder misses you. The rat completely misses you.
The rat closely misses you. The adder bites you but does no damage.
Unknown command.
It was a potion of haste.
You feel yourself speed up.
You feel sick.
You are no longer poisoned.
The adder bites you but does no damage. The rat bites you but does no damage.
The rat bites you.
You die...

#.........
#........
#.......
#......
##....$
..lr. #Sr#
#.@# #.r#
#.<# #...#
#.#.#
#....
#...(
#....J
....!


You could see an adder, a quokka, a frilled lizard and 2 rats.

Vanquished Creatures
  3 dart slugs
  An endoplasm (D:1)
  A goblin (D:1)
  A hobgoblin (D:1)
  A ball python (D:1)
  2 kobolds
9 creatures vanquished.

Notes
Turn   | Place    | Note
-------+----------+-------------------------------------------
     0 | D:1      | Demosthentine the Demonspawn Gladiator began the quest for
                  | the Orb.
     0 | D:1      | Reached XP level 1. HP: 16/16 MP: 1/1
   389 | D:1      | Gained mutation: When seriously injured, your blood forms
                  | armour. (AC +6) [demonic ancestry]
   389 | D:1      | Reached XP level 2. HP: 18/22 MP: 2/2
   780 | D:2      | HP: 1/22 [poisoned by an adder]
   780 | D:2      | Slain by a rat

Illustrated notes

Levels and vault maps discovered:
D:1:      elethiomel_arrival_shortcut, layout_basic
D:2:      layout_rooms

Action                     || total
---------------------------++-------
  Melee: Trident           ||    34
    Use: Scroll            ||     3
         Potion            ||     1
   Stab: Sleeping          ||     1
 Armour: Leather armour    ||    19
  Dodge: Dodged            ||    26

Table legend: (Time is in decaauts)
 A = Elapsed time spent in this place.
 B = Non-inter-level travel time spent in this place.
 C = Inter-level travel time spent in this place.
 D = Time resting spent in this place.
 E = Time spent auto-exploring this place.
 F = Levels seen in this place.
 G = Mean time per level.
                   A        B        C        D        E       F      G
               +--------+--------+--------+--------+--------+-----+--------+
         Total |    785 |    776 |      9 |      0 |    673 |   2 |  392.5 |
       Dungeon |    785 |    776 |      9 |      0 |    673 |   2 |  392.5 |
               +--------+--------+--------+--------+--------+-----+--------+

Top non-repeatable levels by time:
     D:1: 764 daAuts
     D:2: 21 daAuts
